PR
TULSA OTTERS @ MONTGOMERY BISCUITS
05/01/2041
 
TOP OF THE 1ST
Tulsa Otters batting - Pitching for Montgomery Biscuits : RHP Russ T. Nayle
Pitching: RHP Russ T. Nayle
Batting: LHB Cisco Gracía 0-0: Called Strike
0-1: Ball
1-1: Ball
2-1: Called Strike
2-2: Foul Ball, location: 2F
2-2: Strikes out swinging
Batting: RHB Chad Brown 0-0: Ground out 5-3 (Groundball, 5, EV 86.2 MPH)
Batting: RHB Guillermo Dettori 0-0: Reached on error, E9 (Line Drive, 9, EV 95.0 MPH)
Batting: RHB Jeff Weber 0-0: Foul Ball, location: 2F
0-1: Called Strike
0-2: Ball
1-2: Strikes out swinging
Top of the 1st over - 0 runs, 0 hits, 1 error, 1 left on base; Tulsa 0 - Montgomery 0
BOTTOM OF THE 1ST
Montgomery Biscuits batting - Pitching for Tulsa Otters : RHP Floyd Emery
Pitching: RHP Floyd Emery
Batting: RHB Anthony Roosemont 0-0: Ball
1-0: Fly out, F8 (Flyball, 8LD, EV 103.8 MPH)
Batting: RHB Darrell MacGregor 0-0: Called Strike
0-1: Ball
1-1: Ground out 1-3 (Groundball, 34S, EV 84.4 MPH)
Batting: RHB Ricardo Ojíto 0-0: Called Strike
0-1: Ball
1-1: Ball
2-1: Foul Ball, location: 2F
2-2: Foul Ball, location: 2F
2-2: Foul Ball, location: 2F
2-2: Ball
3-2: Strikes out swinging
Bottom of the 1st over - 0 runs, 0 hits, 0 errors, 0 left on base; Tulsa 0 - Montgomery 0
TOP OF THE 2ND
Tulsa Otters batting - Pitching for Montgomery Biscuits : RHP Russ T. Nayle
Batting: LHB Andrew O'Reilly 0-0: Ground out 6-3 (Groundball, 6, EV 81.9 MPH)
Batting: RHB Jack Covas 0-0: Foul Ball, location: 2F
0-1: Ball
1-1: Ball
2-1: Ball
3-1: Base on Balls
Batting: LHB Andrew Gray 0-0: Called Strike
0-1: Swinging Strike
0-2: Strikes out swinging
Batting: LHB Mike Reynolds 0-0: Called Strike
0-1: Called Strike
0-2: Ball
1-2: Ball
2-2: Fly out, F8 (Flyball, 89XD, EV 91.2 MPH)
Top of the 2nd over - 0 runs, 0 hits, 0 errors, 1 left on base; Tulsa 0 - Montgomery 0
BOTTOM OF THE 2ND
Montgomery Biscuits batting - Pitching for Tulsa Otters : RHP Floyd Emery
Batting: SHB Ernesto Sacasas 0-0: Called Strike
0-1: Ball
1-1: Ball
2-1: Foul Ball, location: 2F
2-2: Ground out 4-3 (Groundball, 4, EV 91.2 MPH)
Batting: RHB Tadasu Sato 0-0: Ball
1-0: Ball
2-0: Called Strike
2-1: Ground out 6-3 (Groundball, 6, EV 99.4 MPH)
Batting: RHB Yoshitora Nakayama 0-0: Ball
1-0: Ball
2-0: Called Strike
2-1: Fly out, F8 (Flyball, 8RM, EV 89.4 MPH)
Bottom of the 2nd over - 0 runs, 0 hits, 0 errors, 0 left on base; Tulsa 0 - Montgomery 0
TOP OF THE 3RD
Tulsa Otters batting - Pitching for Montgomery Biscuits : RHP Russ T. Nayle
Batting: RHB Cédric Dumas 0-0: DOUBLE (Line Drive, 9LS, EV 102.5 MPH)
Batting: LHB Cisco Gracía 0-0: Ball
1-0: Foul Ball, location: 2F
1-1: Foul Ball, location: 2F
1-2: Foul Ball, location: 2F
1-2: Ground out 4-3 (Groundball, 4, EV 109.4 MPH)
Cédric Dumas to third
Batting: RHB Chad Brown 0-0: Called Strike
0-1: Ball
1-1: Ball
2-1: Ball
3-1: Called Strike
3-2: Fly out, F7 (Flyball, 7LS, EV 85.6 MPH)
Batting: RHB Guillermo Dettori 0-0: Called Strike
0-1: Swinging Strike
0-2: Foul Ball, location: 2F
0-2: Ball
1-2: Ground out 6-3 (Groundball, 6, EV 88.8 MPH)
Top of the 3rd over - 0 runs, 1 hit, 0 errors, 1 left on base; Tulsa 0 - Montgomery 0
BOTTOM OF THE 3RD
Montgomery Biscuits batting - Pitching for Tulsa Otters : RHP Floyd Emery
Batting: RHB Dae-jin Dokgo 0-0: Ball
1-0: Ground out 6-3 (Groundball, 6, EV 85.0 MPH)
Batting: RHB Dave Dickey 0-0: Called Strike
0-1: Ground out 5-3 (Groundball, 56S, EV 94.4 MPH)
Batting: RHB Orlando Ramírez 0-0: Called Strike
0-1: Swinging Strike
0-2: Foul Ball, location: 2F
0-2: Strikes out swinging
Bottom of the 3rd over - 0 runs, 0 hits, 0 errors, 0 left on base; Tulsa 0 - Montgomery 0
TOP OF THE 4TH
Tulsa Otters batting - Pitching for Montgomery Biscuits : RHP Russ T. Nayle
Batting: RHB Jeff Weber 0-0: Ball
1-0: SINGLE (Line Drive, 7S, EV 112.5 MPH)
Batting: LHB Andrew O'Reilly 0-0: Called Strike
0-1: Ball
1-1: Foul Ball, location: 2F
1-2: Foul Ball, location: 2F
1-2: Strikes out swinging
Batting: RHB Jack Covas 0-0: Called Strike
0-1: Ball
1-1: Ball
2-1: Foul Ball, location: 2F
2-2: Foul Ball, location: 2F
2-2: Foul Ball, location: 2F
2-2: Ball
3-2: Foul Ball, location: 2F
3-2: Fly out, F7 (Flyball, 7S, EV 88.1 MPH)
Batting: LHB Andrew Gray 0-0: Ball
1-0: Swinging Strike
1-1: Swinging Strike
1-2: Foul Ball, location: 2F
1-2: Foul Ball, location: 2F
1-2: Ball
2-2: Strikes out looking
Top of the 4th over - 0 runs, 1 hit, 0 errors, 1 left on base; Tulsa 0 - Montgomery 0
BOTTOM OF THE 4TH
Montgomery Biscuits batting - Pitching for Tulsa Otters : RHP Floyd Emery
Batting: RHB Anthony Roosemont 0-0: Fly out, F8 (Line Drive, 8LD, EV 86.9 MPH)
Batting: RHB Darrell MacGregor 0-0: Ball
1-0: Foul Ball, location: 2F
1-1: Ball
2-1: DOUBLE (Groundball, 5L, EV 103.1 MPH)
Batting: RHB Ricardo Ojíto 0-0: Ball
1-0: Fly out, F9 (Line Drive, 9, EV 88.8 MPH)
Batting: SHB Ernesto Sacasas 0-0: Ball
1-0: SINGLE (Groundball, 34D, EV 105.0 MPH)
Darrell MacGregor to third
Runner from 3rd tries for Home, SAFE, no throw by RF
Batting: RHB Tadasu Sato 0-0: Foul Ball, location: 2F
0-1: Swinging Strike
0-2: Ball
1-2: Fielders Choice at 2nd, U6 (Groundball, 6M, EV 92.5 MPH)
Bottom of the 4th over - 1 run, 2 hits, 0 errors, 1 left on base; Tulsa 0 - Montgomery 1
TOP OF THE 5TH
Tulsa Otters batting - Pitching for Montgomery Biscuits : RHP Russ T. Nayle
Batting: LHB Mike Reynolds 0-0: Ball
1-0: Swinging Strike
1-1: Ball
2-1: Called Strike
2-2: Foul Ball, location: 2F
2-2: Fly out, F8 (Flyball, 8RD, EV 97.5 MPH)
Batting: RHB Cédric Dumas 0-0: DOUBLE (Line Drive, 78M, EV 110.6 MPH)
Batting: LHB Cisco Gracía 0-0: Ball
1-0: Called Strike
1-1: Ball
2-1: Ground out 4-3 (Groundball, 4, EV 108.8 MPH)
Cédric Dumas to third
Batting: RHB Chad Brown 0-0: Called Strike
0-1: Ground out 5-3 (Groundball, 56S, EV 66.9 MPH)
Top of the 5th over - 0 runs, 1 hit, 0 errors, 1 left on base; Tulsa 0 - Montgomery 1
BOTTOM OF THE 5TH
Montgomery Biscuits batting - Pitching for Tulsa Otters : RHP Floyd Emery
Batting: RHB Yoshitora Nakayama 0-0: Fly out, F8 (Flyball, 8RM, EV 88.1 MPH)
Batting: RHB Dae-jin Dokgo 0-0: SINGLE (Groundball, 6MD, EV 94.4 MPH)
Batting: RHB Dave Dickey 0-0: Ball
1-0: Called Strike
1-1: Swinging Strike
1-2: Foul Ball, location: 2F
1-2: Strikes out swinging
Batting: RHB Orlando Ramírez 0-0: SINGLE (Groundball, 4MD, EV 110.6 MPH)
Dae-jin Dokgo to second
Runner from 2nd tries for 3rd, OUT! 8-5
Bottom of the 5th over - 0 runs, 2 hits, 0 errors, 1 left on base; Tulsa 0 - Montgomery 1
TOP OF THE 6TH
Tulsa Otters batting - Pitching for Montgomery Biscuits : RHP Russ T. Nayle
Batting: RHB Guillermo Dettori 0-0: Ball
1-0: Ball
2-0: SINGLE (Groundball, 56S, EV 76.9 MPH) (infield hit)
Batting: RHB Jeff Weber 0-0: Fly out, F4 (Popup, 4M, EV 63.1 MPH)
Batting: LHB Andrew O'Reilly 0-0: Foul Ball, location: 2F
0-1: Fielders Choice at 2nd, 4-6 (Groundball, 4, EV 89.4 MPH)
Batting: RHB Jack Covas 0-0: Swinging Strike
0-1: Foul Ball, location: 2F
0-2: SINGLE (Groundball, 4, EV 84.4 MPH) (infield hit)
Andrew O'Reilly to second
Batting: LHB Andrew Gray 0-0: Hit by Pitch
Andrew O'Reilly to third
Jack Covas to second
Batting: LHB Mike Reynolds 0-0: Swinging Strike
0-1: Swinging Strike
0-2: Ball
1-2: Ball
2-2: Strikes out swinging
Top of the 6th over - 0 runs, 2 hits, 0 errors, 3 left on base; Tulsa 0 - Montgomery 1
BOTTOM OF THE 6TH
Montgomery Biscuits batting - Pitching for Tulsa Otters : RHP Floyd Emery
Batting: RHB Anthony Roosemont 0-0: Called Strike
0-1: Fly out, F6 (Line Drive, 6, EV 76.9 MPH)
Batting: RHB Darrell MacGregor 0-0: Ball
1-0: Ball
2-0: Ball
3-0: Called Strike
3-1: SINGLE (Line Drive, 8LS, EV 98.1 MPH)
Batting: RHB Ricardo Ojíto 0-0: DOUBLE (Line Drive, 89D, EV 103.8 MPH)
Darrell MacGregor to third
Runner from 3rd tries for Home, SAFE, no throw by RF
Batting: SHB Ernesto Sacasas 0-0: Called Strike
0-1: SINGLE (Groundball, 6MD, EV 98.1 MPH)
Ricardo Ojíto to third
Runner from 3rd tries for Home, SAFE, throw by CF to home
Ernesto Sacasas to second
Batting: RHB Tadasu Sato 0-0: Ground out 5-3 (Groundball, 56S, EV 83.1 MPH)
Batting: RHB Yoshitora Nakayama 0-0: Ball
1-0: Ball
2-0: Ball
3-0: Base on Balls
Batting: RHB Dae-jin Dokgo 0-0: Called Strike
0-1: Foul Ball, location: 2F
0-2: Ball
1-2: Foul Ball, location: 2F
1-2: Ground out 5-3 (Groundball, 56S, EV 73.1 MPH)
Bottom of the 6th over - 2 runs, 3 hits, 0 errors, 2 left on base; Tulsa 0 - Montgomery 3
TOP OF THE 7TH
Tulsa Otters batting - Pitching for Montgomery Biscuits : RHP Russ T. Nayle
Batting: RHB Cédric Dumas 0-0: Called Strike
0-1: Ball
1-1: Called Strike
1-2: Strikes out looking
Batting: LHB Cisco Gracía 0-0: Called Strike
0-1: Ball
1-1: Bunt for hit to 15S - play at first, batter safe!
Pitching: RHP Martín Colón
Batting: RHB Chad Brown 0-0: Foul Ball, location: 2F
0-1: Ball
1-1: Ball
2-1: Foul Ball, location: 2F
2-2: Ball
3-2: Base on Balls
Cisco Gracía to second
Batting: RHB Guillermo Dettori 0-0: DOUBLE (Line Drive, 9LS, EV 108.1 MPH)
Cisco Gracía scores
Chad Brown to third
Batting: RHB Jeff Weber 0-0: Called Strike
0-1: Swinging Strike
0-2: Foul Ball, location: 2F
0-2: Foul Ball, location: 2F
0-2: Foul Ball, location: 2F
0-2: Ball
1-2: Ball
2-2: DOUBLE (Line Drive, 7LD, EV 104.4 MPH)
Chad Brown scores
Guillermo Dettori scores
Batting: LHB Andrew O'Reilly 0-0: SINGLE (Groundball, 34D, EV 106.2 MPH)
Jeff Weber to third
Runner from 3rd tries for Home, throw by RF and OUT! 9-2
Batting: RHB Jack Covas 0-0: Foul Ball, location: 2F
0-1: Ball
1-1: Foul Ball, location: 2F
1-2: Foul Ball, location: 2F
1-2: Foul Ball, location: 2F
1-2: Ball
2-2: Foul Ball, location: 2F
2-2: Fly out, F6 (Flyball, 6D, EV 82.5 MPH)
Top of the 7th over - 3 runs, 4 hits, 0 errors, 1 left on base; Tulsa 3 - Montgomery 3
BOTTOM OF THE 7TH
Montgomery Biscuits batting - Pitching for Tulsa Otters : RHP Floyd Emery
Batting: RHB Dave Dickey 0-0: Ball
1-0: Called Strike
1-1: Foul Ball, location: 2F
1-2: Strikes out swinging
Batting: RHB Orlando Ramírez 0-0: Ball
1-0: SINGLE (Line Drive, 9S, EV 92.5 MPH)
Batting: RHB Anthony Roosemont 0-0: Ball
1-0: Foul Ball, location: 2F
1-1: Fielders Choice at 2nd, 5-4 (Groundball, 56, EV 103.8 MPH)
Batting: RHB Darrell MacGregor 0-0: Ball
1-0: Ground out 1-3 (Groundball, 25, EV 86.9 MPH)
Bottom of the 7th over - 0 runs, 1 hit, 0 errors, 1 left on base; Tulsa 3 - Montgomery 3
TOP OF THE 8TH
Tulsa Otters batting - Pitching for Montgomery Biscuits : RHP Martín Colón
Batting: LHB Andrew Gray 0-0: Ground out 1-3 (Groundball, 15S, EV 63.1 MPH)
Batting: LHB Mike Reynolds 0-0: Ball
1-0: Foul Ball, location: 2F
1-1: Fly out, F7 (Flyball, 7, EV 93.1 MPH)
Batting: RHB Cédric Dumas 0-0: Called Strike
0-1: Ball
1-1: Foul Ball, location: 2F
1-2: Ball
2-2: Strikes out swinging
Top of the 8th over - 0 runs, 0 hits, 0 errors, 0 left on base; Tulsa 3 - Montgomery 3
BOTTOM OF THE 8TH
Montgomery Biscuits batting - Pitching for Tulsa Otters : RHP Floyd Emery
Batting: RHB Ricardo Ojíto 0-0: Ball
1-0: Called Strike
1-1: Foul Ball, location: 2F
1-2: Fly out, F3 (Popup, 3F, EV 64.4 MPH)
Batting: SHB Ernesto Sacasas 0-0: Ball
1-0: DOUBLE (Line Drive, 7LS, EV 106.9 MPH)
Pitching: RHP Mario Rosales
Batting: RHB Tadasu Sato 0-0: Ball
1-0: Ball
2-0: Ball
3-0: Base on Balls
Batting: RHB Yoshitora Nakayama 0-0: Ball
1-0: Foul Ball, location: 2F
1-1: Ball
Wild Pitch!
Ernesto Sacasas to third
Tadasu Sato to second
2-1: Ball
3-1: Base on Balls
Batting: RHB Dae-jin Dokgo 0-0: Called Strike
0-1: Grounds into double play, 6-2-3 (Groundball, 6, EV 96.2 MPH)
Bottom of the 8th over - 0 runs, 1 hit, 0 errors, 2 left on base; Tulsa 3 - Montgomery 3
TOP OF THE 9TH
Tulsa Otters batting - Pitching for Montgomery Biscuits : RHP Martín Colón
Pitching: RHP Costanzo Miniato
Batting: LHB Cisco Gracía 0-0: Ball
1-0: Ball
2-0: Called Strike
2-1: Ball
3-1: Foul Ball, location: 2F
3-2: Base on Balls
Batting: RHB Chad Brown 0-0: Ball
1-0: Bunt missed!
1-1: Bunted foul
1-2: Foul Ball, location: 2F
1-2: Strikes out swinging
Batting: RHB Guillermo Dettori 0-0: Ball
1-0: Called Strike
1-1: Foul Ball, location: 2F
1-2: Strikes out looking
Batting: RHB Jeff Weber 0-0: Ball
Cisco Gracía is caught stealing 2nd base 2-4
Top of the 9th over - 0 runs, 0 hits, 0 errors, 0 left on base; Tulsa 3 - Montgomery 3
BOTTOM OF THE 9TH
Montgomery Biscuits batting - Pitching for Tulsa Otters : RHP Mario Rosales
Pitching: RHP Kent Woods
Batting: RHB Dave Dickey 0-0: Ball
1-0: Ball
2-0: SINGLE (Flyball, 9S, EV 90.6 MPH)
Batting: RHB Orlando Ramírez 0-0: Sac Bunt to 23 - play at first, batter OUT! 3-4
Dave Dickey to second
Batting: RHB Anthony Roosemont 0-0: Ball
1-0: SINGLE (Groundball, 4S, EV 92.5 MPH) (infield hit)
Dave Dickey to third
Batting: RHB Darrell MacGregor 0-0: Ball
1-0: Ball
Anthony Roosemont steals 2nd base (no throw)
2-0: Swinging Strike
2-1: Swinging Strike
2-2: Strikes out swinging
Batting: RHB Ricardo Ojíto 0-0: Intentional Walk
Batting: SHB Ernesto Sacasas 0-0: Called Strike
0-1: Fielders Choice at 2nd, 6-4 (Groundball, 4M, EV 82.5 MPH)
Bottom of the 9th over - 0 runs, 2 hits, 0 errors, 3 left on base; Tulsa 3 - Montgomery 3
TOP OF THE 10TH
Tulsa Otters batting - Pitching for Montgomery Biscuits : RHP Costanzo Miniato
Batting: RHB Jeff Weber 0-0: Ball
1-0: Swinging Strike
1-1: DOUBLE (Line Drive, 7LS, EV 97.5 MPH)
Batting: LHB Andrew O'Reilly 0-0: Ball
1-0: SINGLE (Groundball, 4MD, EV 110.0 MPH)
Jeff Weber to third
Runner from 3rd tries for Home, SAFE, throw by CF to home
Batting: RHB Jack Covas 0-0: Ball
1-0: Called Strike
1-1: Ball
2-1: Ball
3-1: SINGLE (Groundball, 34D, EV 97.5 MPH)
Andrew O'Reilly to second
Runner from 2nd tries for 3rd, SAFE, no throw by RF
Batting: LHB Andrew Gray 0-0: Ball
1-0: Fly out, F7 (Flyball, 7, EV 80.6 MPH)
Runner from 3rd tags up, SCORES, throw by LF
Batting: LHB Mike Reynolds 0-0: Called Strike
0-1: Called Strike
0-2: Ball
1-2: Ball
2-2: Strikes out swinging
Batting: RHB Cédric Dumas 0-0: Called Strike
0-1: Swinging Strike
0-2: Foul Ball, location: 2F
0-2: Strikes out looking
Top of the 10th over - 2 runs, 3 hits, 0 errors, 1 left on base; Tulsa 5 - Montgomery 3
BOTTOM OF THE 10TH
Montgomery Biscuits batting - Pitching for Tulsa Otters : RHP Kent Woods
Pitching: LHP Mike Ramírez
Now at 2B: Jason Pruitt
Batting: RHB Tadasu Sato 0-0: Ball
1-0: Foul Ball, location: 2F
1-1: Called Strike
1-2: Ball
2-2: Ball
3-2: Fly out, F9 (Flyball, 9, EV 94.4 MPH)
Batting: RHB Yoshitora Nakayama 0-0: Called Strike
0-1: Ground out 1-3 (Groundball, 13S, EV 61.2 MPH)
Batting: RHB Dae-jin Dokgo 0-0: Ball
1-0: Fly out, F8 (Line Drive, 8RD, EV 88.8 MPH)
Bottom of the 10th over - 0 runs, 0 hits, 0 errors, 0 left on base; Tulsa 5 - Montgomery 3
Tuesday, January 5th, 2021 - OOTP Baseball 20.8 Build 74